IL
LAS VEGAS 51S @ OKLAHOMA CITY DODGERS
08/30/2045
 
TOP OF THE 1ST
Las Vegas 51s batting - Pitching for Oklahoma City Dodgers : RHP Nate Allen
Pitching: RHP Nate Allen
Batting: LHB Adam Hairston 0-0: Called Strike
0-1: Ball
1-1: Ball
2-1: Ball
3-1: Base on Balls
Batting: SHB Jason Evans 0-0: Ball
1-0: Ball
2-0: Grounds into double play, 4-6-3 (Groundball, 34, EV 93.1 MPH)
Batting: SHB Josh Schultze 0-0: Foul Ball, location: 2F
0-1: Swinging Strike
0-2: Strikes out looking
Top of the 1st over - 0 runs, 0 hits, 0 errors, 0 left on base; Las Vegas 0 - Oklahoma City 0
BOTTOM OF THE 1ST
Oklahoma City Dodgers batting - Pitching for Las Vegas 51s : RHP Marc Maniu
Pitching: RHP Marc Maniu
Batting: LHB Frank Mullen 0-0: Ball
1-0: Ball
2-0: Ball
3-0: Called Strike
3-1: Foul Ball, location: 2F
3-2: Ground out 4-3 (Groundball, 4M, EV 108.8 MPH)
Batting: RHB Jeremy Giesler 0-0: Foul Ball, location: 2F
0-1: Foul Ball, location: 2F
0-2: SINGLE (Groundball, 4D, EV 104.4 MPH)
Batting: RHB Justin Anastasio 0-0: Called Strike
0-1: Ball
1-1: Ball
2-1: Ball
3-1: Called Strike
3-2: Base on Balls
Jeremy Giesler to second
Batting: LHB Kevin Wiebe 0-0: Ball
1-0: Ball
2-0: Ball
3-0: Called Strike
3-1: Base on Balls
Jeremy Giesler to third
Justin Anastasio to second
Batting: RHB David Rodgers 0-0: Ball
1-0: Ball
2-0: Ball
3-0: Called Strike
3-1: GRAND SLAM HOME RUN (Flyball, 78XD, EV 96.9 MPH), Distance : 394 ft
Batting: LHB Dalton Silveira 0-0: Foul Ball, location: 2F
0-1: Ball
1-1: Ball
2-1: Foul Ball, location: 2F
2-2: Ball
3-2: Strikes out swinging
Batting: RHB Alex Mejia 0-0: Called Strike
0-1: Ball
1-1: Foul Ball, location: 2F
1-2: DOUBLE (Line Drive, 78XD, EV 105.6 MPH)
Batting: RHB Shinji Aizawa 0-0: Foul Ball, location: 2F
0-1: Foul Ball, location: 2F
0-2: Ball
1-2: Strikes out swinging
Bottom of the 1st over - 4 runs, 3 hits, 0 errors, 1 left on base; Las Vegas 0 - Oklahoma City 4
TOP OF THE 2ND
Las Vegas 51s batting - Pitching for Oklahoma City Dodgers : RHP Nate Allen
Batting: LHB David McNair 0-0: Foul Ball, location: 2F
0-1: Ball
1-1: Ground out 4-3 (Groundball, 4S, EV 68.8 MPH)
Batting: RHB Steven Romanovsky 0-0: Foul Ball, location: 2F
0-1: Called Strike
0-2: Strikes out swinging
Batting: LHB Marc Durgin 0-0: Called Strike
0-1: Ball
1-1: Ground out 6-3 (Groundball, 6, EV 94.4 MPH)
Top of the 2nd over - 0 runs, 0 hits, 0 errors, 0 left on base; Las Vegas 0 - Oklahoma City 4
BOTTOM OF THE 2ND
Oklahoma City Dodgers batting - Pitching for Las Vegas 51s : RHP Marc Maniu
Batting: RHB Sean Tanner 0-0: Ball
1-0: Foul Ball, location: 2F
1-1: SINGLE (Line Drive, 9S, EV 99.4 MPH)
Batting: LHB Frank Mullen 0-0: Fly out, F8 (Flyball, 8LM, EV 75.6 MPH)
Batting: RHB Jeremy Giesler 0-0: Fly out, F7 (Flyball, 7S, EV 90.0 MPH)
Batting: RHB Justin Anastasio 0-0: TRIPLE (Flyball, 9LD, EV 101.2 MPH)
Sean Tanner scores
Batting: LHB Kevin Wiebe 0-0: Ball
1-0: Ball
2-0: Ground out 6-3 (Groundball, 6, EV 103.8 MPH)
Bottom of the 2nd over - 1 run, 2 hits, 0 errors, 1 left on base; Las Vegas 0 - Oklahoma City 5
TOP OF THE 3RD
Las Vegas 51s batting - Pitching for Oklahoma City Dodgers : RHP Nate Allen
Batting: RHB Seth Daniel 0-0: Called Strike
0-1: Foul Ball, location: 2F
0-2: Ground out 5-3 (Groundball, 5L, EV 102.5 MPH)
Batting: RHB Steve Page 0-0: Ball
1-0: Called Strike
1-1: Foul Ball, location: 2F
1-2: Strikes out swinging
Batting: RHB Leon Edwards 0-0: Called Strike
0-1: Ball
1-1: Swinging Strike
1-2: Strikes out swinging
Top of the 3rd over - 0 runs, 0 hits, 0 errors, 0 left on base; Las Vegas 0 - Oklahoma City 5
BOTTOM OF THE 3RD
Oklahoma City Dodgers batting - Pitching for Las Vegas 51s : RHP Marc Maniu
Batting: RHB David Rodgers 0-0: Called Strike
0-1: Ball
1-1: Ball
2-1: Fly out, F7 (Flyball, 7S, EV 95.0 MPH)
Batting: LHB Dalton Silveira 0-0: Swinging Strike
0-1: Ball
1-1: DOUBLE (Flyball, 8LXD, EV 98.1 MPH)
Batting: RHB Alex Mejia 0-0: Foul Ball, location: 2F
0-1: Swinging Strike
0-2: Ball
1-2: Ball
Wild Pitch!
Dalton Silveira to third
2-2: Ball
3-2: Base on Balls
Pitching: RHP Jose Herrera
Batting: RHB Shinji Aizawa 0-0: Ball
1-0: Ball
Alex Mejia steals 2nd base
2-0: Ball
3-0: Called Strike
3-1: SINGLE (Groundball, 6, EV 103.1 MPH)
Dalton Silveira scores
Alex Mejia to third
Runner from 3rd tries for Home, SAFE, throw by CF to home
Batting: RHB Sean Tanner 0-0: Ball
1-0: Foul Ball, location: 2F
1-1: Called Strike
1-2: Ball
2-2: Foul Ball, location: 2F
2-2: Grounds into double play, 4-6-3 (Groundball, 4MS, EV 81.2 MPH)
Bottom of the 3rd over - 2 runs, 2 hits, 0 errors, 0 left on base; Las Vegas 0 - Oklahoma City 7
TOP OF THE 4TH
Las Vegas 51s batting - Pitching for Oklahoma City Dodgers : RHP Nate Allen
Batting: LHB Adam Hairston 0-0: Ball
1-0: Fly out, F5 (Line Drive, 5, EV 65.0 MPH)
Batting: SHB Jason Evans 0-0: Ball
1-0: Ball
2-0: Called Strike
2-1: Ground out 6-3 (Groundball, 6, EV 103.1 MPH)
Batting: SHB Josh Schultze 0-0: Ball
1-0: Foul Ball, location: 2F
1-1: Ball
2-1: Foul Ball, location: 2F
2-2: Ball
3-2: Foul Ball, location: 2F
3-2: Foul Ball, location: 2F
3-2: SINGLE (Groundball, 3, EV 94.4 MPH)
Batting: LHB David McNair 0-0: Ball
1-0: Foul Ball, location: 2F
1-1: Ball
Pickoff Throw to First - Error! E1
Josh Schultze to second
2-1: SINGLE (Groundball, 56D, EV 96.2 MPH)
Josh Schultze to third
Runner from 3rd tries for Home, SAFE, throw by LF to home
Batting: RHB Steven Romanovsky 0-0: Fly out, F8 (Flyball, 8LD, EV 90.6 MPH)
Top of the 4th over - 1 run, 2 hits, 1 error, 1 left on base; Las Vegas 1 - Oklahoma City 7
BOTTOM OF THE 4TH
Oklahoma City Dodgers batting - Pitching for Las Vegas 51s : RHP Jose Herrera
Batting: LHB Frank Mullen 0-0: Ball
1-0: Ball
2-0: Ball
3-0: Called Strike
3-1: Base on Balls
Batting: RHB Jeremy Giesler 0-0: Ball
1-0: Ball
2-0: Called Strike
2-1: Ball
3-1: Base on Balls
Frank Mullen to second
Batting: RHB Justin Anastasio 0-0: Ball
1-0: Ball
2-0: Foul Ball, location: 2F
2-1: Foul Ball, location: 2F
2-2: Strikes out swinging
Batting: LHB Kevin Wiebe 0-0: Ball
Frank Mullen steals 3rd base
Jeremy Giesler to second
1-0: Called Strike
1-1: Swinging Strike
1-2: Fly out, F7 (Line Drive, 7, EV 95.6 MPH)
Batting: RHB David Rodgers 0-0: Ground out 5-3 (Groundball, 5L, EV 81.9 MPH)
Bottom of the 4th over - 0 runs, 0 hits, 0 errors, 2 left on base; Las Vegas 1 - Oklahoma City 7
TOP OF THE 5TH
Las Vegas 51s batting - Pitching for Oklahoma City Dodgers : RHP Nate Allen
Batting: LHB Marc Durgin 0-0: Ball
1-0: Fly out, F7 (Flyball, 7LM, EV 75.6 MPH)
Batting: RHB Seth Daniel 0-0: Called Strike
0-1: Ball
1-1: SINGLE (Groundball, 56D, EV 98.8 MPH)
Batting: RHB Steve Page 0-0: Ball
1-0: Foul Ball, location: 2F
1-1: Called Strike
1-2: Fielders Choice at 2nd, 1-6 (Groundball, 23, EV 75.0 MPH)
Batting: RHB Leon Edwards 0-0: Called Strike
0-1: Ball
1-1: Foul Ball, location: 2F
1-2: Ball
2-2: Strikes out swinging
Top of the 5th over - 0 runs, 1 hit, 0 errors, 1 left on base; Las Vegas 1 - Oklahoma City 7
BOTTOM OF THE 5TH
Oklahoma City Dodgers batting - Pitching for Las Vegas 51s : RHP Jose Herrera
Batting: LHB Dalton Silveira 0-0: Ground out 6-3 (Groundball, 6M, EV 100.6 MPH)
Batting: RHB Alex Mejia 0-0: Called Strike
0-1: Ball
1-1: Called Strike
1-2: SINGLE (Groundball, 56D, EV 106.9 MPH) (infield hit)
Pitching: RHP Ian Wright
Batting: RHB Shinji Aizawa 0-0: Swinging Strike
0-1: Ball
1-1: Foul Ball, location: 2F
1-2: Ball
2-2: Foul Ball, location: 2F
2-2: SINGLE (Line Drive, 4D, EV 94.4 MPH)
Alex Mejia to second
Alex Mejia to third
Batting: RHB Sean Tanner 0-0: Ball
1-0: Ball
2-0: Ball
3-0: Called Strike
3-1: Swinging Strike
3-2: Foul Ball, location: 2F
3-2: Base on Balls
Shinji Aizawa to second
Batting: LHB Frank Mullen 0-0: Ball
1-0: Swinging Strike
1-1: Ball
2-1: Foul Ball, location: 2F
2-2: Foul Ball, location: 2F
2-2: Grounds into double play, 4-6-3 (Groundball, 4, EV 78.1 MPH)
Bottom of the 5th over - 0 runs, 2 hits, 0 errors, 2 left on base; Las Vegas 1 - Oklahoma City 7
TOP OF THE 6TH
Las Vegas 51s batting - Pitching for Oklahoma City Dodgers : RHP Nate Allen
Batting: LHB Adam Hairston 0-0: Ball
1-0: Ball
2-0: Ball
3-0: Base on Balls
Batting: SHB Jason Evans 0-0: Ball
1-0: Foul Ball, location: 2F
1-1: Called Strike
1-2: Fielders Choice at 2nd, 4-6 (Groundball, 4M, EV 105.0 MPH)
Batting: SHB Josh Schultze 0-0: Ball
1-0: Ball
2-0: Called Strike
2-1: Swinging Strike
2-2: Foul Ball, location: 2F
2-2: Strikes out swinging
Batting: LHB David McNair 0-0: Called Strike
0-1: Ball
1-1: Ball
2-1: Ball
3-1: Called Strike
3-2: Strikes out looking
Top of the 6th over - 0 runs, 0 hits, 0 errors, 1 left on base; Las Vegas 1 - Oklahoma City 7
BOTTOM OF THE 6TH
Oklahoma City Dodgers batting - Pitching for Las Vegas 51s : RHP Ian Wright
Batting: RHB Jeremy Giesler 0-0: Ball
1-0: Called Strike
1-1: Foul Ball, location: 2F
1-2: Fly out, F3 (Popup, 23F, EV 83.1 MPH)
Batting: RHB Justin Anastasio 0-0: Ball
1-0: Called Strike
1-1: Ball
2-1: Foul Ball, location: 2F
2-2: Ball
3-2: Base on Balls
Batting: LHB Kevin Wiebe 0-0: Called Strike
Justin Anastasio steals 2nd, throwing error, E2
Justin Anastasio to third
0-1: Ball
1-1: Ball
2-1: Ball
3-1: Called Strike
3-2: SINGLE (Groundball, 4MD, EV 94.4 MPH)
Justin Anastasio scores
Batting: RHB David Rodgers 0-0: Foul Ball, location: 2F
0-1: Ball
1-1: Hit by Pitch
Kevin Wiebe to second
Pitching: RHP Dakota McAdam
Batting: LHB Dalton Silveira 0-0: Grounds out, U3 (Groundball, 3L, EV 103.1 MPH)
Kevin Wiebe to third
Batting: RHB Alex Mejia 0-0: SINGLE (Line Drive, 4M, EV 96.9 MPH)
Kevin Wiebe scores
David Rodgers to third
Runner from 3rd tries for Home, throw by CF and OUT! 8-2
Bottom of the 6th over - 2 runs, 2 hits, 1 error, 1 left on base; Las Vegas 1 - Oklahoma City 9
TOP OF THE 7TH
Las Vegas 51s batting - Pitching for Oklahoma City Dodgers : RHP Nate Allen
Batting: RHB Steven Romanovsky 0-0: Called Strike
0-1: Foul Ball, location: 2F
0-2: Fly out, F4 (Line Drive, 4, EV 70.6 MPH)
Batting: LHB Marc Durgin 0-0: Ground out 4-3 (Groundball, 3D, EV 101.2 MPH)
Batting: RHB Seth Daniel 0-0: Swinging Strike
0-1: Foul Ball, location: 2F
0-2: Ball
1-2: Foul Ball, location: 2F
1-2: Ball
2-2: Ball
3-2: Strikes out swinging
Top of the 7th over - 0 runs, 0 hits, 0 errors, 0 left on base; Las Vegas 1 - Oklahoma City 9
BOTTOM OF THE 7TH
Oklahoma City Dodgers batting - Pitching for Las Vegas 51s : RHP Dakota McAdam
Batting: RHB Shinji Aizawa 0-0: Swinging Strike
0-1: Called Strike
0-2: SINGLE (Line Drive, 4D, EV 95.6 MPH)
Batting: RHB Sean Tanner 0-0: Ball
1-0: Ball
2-0: Ball
3-0: Called Strike
3-1: Foul Ball, location: 2F
3-2: Fly out, F8 (Flyball, 8RD, EV 91.9 MPH)
Batting: LHB Frank Mullen 0-0: Ball
1-0: Ball
2-0: Called Strike
2-1: Called Strike
2-2: Fly out, F8 (Line Drive, 8RM, EV 94.4 MPH)
Batting: RHB Jeremy Giesler 0-0: Ground out 4-3 (Groundball, 4, EV 83.1 MPH)
Bottom of the 7th over - 0 runs, 1 hit, 0 errors, 1 left on base; Las Vegas 1 - Oklahoma City 9
TOP OF THE 8TH
Las Vegas 51s batting - Pitching for Oklahoma City Dodgers : RHP Nate Allen
Pitching: RHP Josh Thorne
Batting: RHB Steve Page 0-0: Fly out, F6 (Line Drive, 6, EV 70.6 MPH)
Batting: RHB Leon Edwards 0-0: Ball
1-0: Ball
2-0: Called Strike
2-1: Ball
3-1: Ground out 4-3 (Groundball, 4S, EV 81.2 MPH)
Pinch Hitting: RHB Steve Dunaway 0-0: Foul Ball, location: 2F
0-1: Ball
1-1: Foul Ball, location: 2F
1-2: Ball
2-2: Ball
3-2: Strikes out looking
Top of the 8th over - 0 runs, 0 hits, 0 errors, 0 left on base; Las Vegas 1 - Oklahoma City 9
BOTTOM OF THE 8TH
Oklahoma City Dodgers batting - Pitching for Las Vegas 51s : RHP Dakota McAdam
Now at 2B: Steve Dunaway
Batting: RHB Justin Anastasio 0-0: Swinging Strike
0-1: SINGLE (Groundball, 34D, EV 99.4 MPH)
Batting: LHB Kevin Wiebe 0-0: Ball
1-0: Called Strike
1-1: Ball
2-1: Ball
3-1: Base on Balls
Justin Anastasio to second
Batting: RHB David Rodgers 0-0: Called Strike
0-1: Foul Ball, location: 2F
0-2: Ball
1-2: Ball
2-2: Grounds into double play, 5-4-3 (Groundball, 56S, EV 88.1 MPH)
Justin Anastasio to third
Batting: LHB Dalton Silveira 0-0: Ball
1-0: Ball
2-0: Ground out U3 (Groundball, 3L, EV 86.9 MPH)
Bottom of the 8th over - 0 runs, 1 hit, 0 errors, 1 left on base; Las Vegas 1 - Oklahoma City 9
TOP OF THE 9TH
Las Vegas 51s batting - Pitching for Oklahoma City Dodgers : RHP Josh Thorne
Batting: SHB Jason Evans 0-0: Called Strike
0-1: Ball
1-1: Swinging Strike
1-2: Strikes out swinging
Batting: SHB Josh Schultze 0-0: DOUBLE (Line Drive, 78M, EV 94.4 MPH)
Batting: LHB David McNair 0-0: Fly out, F9 (Line Drive, 9, EV 90.0 MPH)
Batting: RHB Steven Romanovsky 0-0: Called Strike
0-1: Called Strike
0-2: Foul Ball, location: 2F
0-2: Ball
1-2: Ground out 1-3 (Groundball, 15S, EV 66.9 MPH)
Top of the 9th over - 0 runs, 1 hit, 0 errors, 1 left on base; Las Vegas 1 - Oklahoma City 9
Wednesday, June 22nd , 2022 - OOTP Baseball 23.4 Build 64